cohdb
Replays
Latest Replays
All Replays
Popular Replays
Top Player Replays
Match Explorer
How It Works
Community
CoH3 Stats
Reddit
Sign in to upload your games and track your stats! →
Sign in with Steam
Match 35024997
Unlisted
Match 35024997
Overview
Messages
Build Orders
End
Royal Engineer Section
Construct Section Command Post
Selects Air and Sea Battlegroup
Infantry Section
Dingo Light Scout Car
Infantry Section
Construct Platoon Command Post
Selects Commando Section Paradrop
Commando Section Paradrop
Humber Armored Car
Construct Field Infirmary
Selects Commando Support Section Paradrop
Infantry Training
Commando Support Section Paradrop
6-pounder Anti-tank Gun Team
Selects Supply Surplus
Selects Centaur Medium Tank
Centaur Medium Tank
Vickers Machine Gun Team
6-pounder Anti-tank Gun Team
Grenade Package
Selects Assault Flares
Construct Company Command Post
Selects Incendiary Bombing Run
Incendiary Bombing Run
Centaur Medium Tank
cohpiate
Lisan al Gaib
0
0
Comments
sign in to comment!
No comments posted yet!